AoeStats
← KnightsTemplar

Arena

508525727Analyzed
1v1 RM · 9d ago on Sep 22, 2026· 47m 26s· 2 players
Game mode
Random Map
Map size
Tiny (2 player)
Population
200
Speed
Normal
Resources
Standard
Victory
Conquest
Starting age
Dark Age
Ending age
Imperial Age
RankedLock teamsTeams togetherTeam positionsShared explorationLock speedFull tech treeHidden civsTurbo modeCheats
Victory
Defeat
🇲🇽 Maya · Mexico
577
+18
🇬🇧 Franks · United Kingdom
622
-18
emmasancp
0:43 Loom
13:19 Feudal Age
14:18 Double-Bit Axe
14:17 Horse Collar
14:29 Stone Mining
14:32 Gold Mining
16:17 Wheelbarrow
18:18 Castle Age
28:46 Murder Holes
29:12 Ballistics
30:18 Fletching
32:54 Bodkin Arrow
37:35 Imperial Age
35:43 Wheelbarrow
35:21 Bow Saw
36:08 Padded Archer Armor
37:18 Heavy Plow
37:38 Leather Archer Armor
39:18 Chemistry
38:47 Bracer
40:38 Hul'che Javelineers
42:33 Ring Archer Armor
42:25 Hand Cart
44:20 Elite Plumed Archer
KnightsTemplar
13:37 Feudal Age
11:54 Loom
14:07 Double-Bit Axe
15:37 Stone Mining
15:39 Gold Mining
21:30 Castle Age
19:30 Arson
19:51 Man-at-Arms
22:05 Scale Barding Armor
22:13 Forging
22:04 Scale Mail Armor
21:57 Fletching
22:07 Padded Archer Armor
23:26 Gold Shaft Mining
25:42 Wheelbarrow
25:35 Husbandry
26:34 Chain Barding Armor
28:04 Squires
27:27 Long Swordsman
27:53 Gambesons
28:08 Bodkin Arrow
29:46 Hand Cart
31:45 Iron Casting
31:27 Leather Archer Armor
32:23 Chain Mail Armor
37:41 Ordonnance Companies
38:30 Town Watch
41:22 Imperial Age
42:40 Elite Throwing Axeman
46:14 Chemistry
45:01 Arrowslits
44:57 Treadmill Crane
Connection lost

Rejoining the realm…

Still unreachable

The connection could not be restored.

Session expired

The server has moved on; the page needs a fresh start.